 Dungeon Crawl Stone Soup version 0.30-a0-862-g1aabd4f9c5 (webtiles) character file.

Game seed: 16234279610100607156

121 Pimp the Conjurer (level 4, 0/30 HPs)
             Began as a Demonspawn Conjurer on Mar 8, 2023.
             Slain by Grinder (6 damage)
             ... on level 3 of the Dungeon.
             The game lasted 00:08:31 (2746 turns).

Pimp the Conjurer (Demonspawn Conjurer)             Turns: 2746, Time: 00:08:32

Health: 0/30       AC:  2    Str:  4 (7)  XL:     4   Next: 77%
Magic:  2/8        EV: 12    Int: 21 (22) God:
Gold:   40         SH:  0    Dex:  9 (11) Spells: 5/8 levels left

rFire   + . .      SeeInvis .    e - +2 dagger (drain)
rCold   . . .      Faith    .    (no shield)
rNeg    . . .      Spirit   .    a - +0 robe
rPois   .          Reflect  .    (no helmet)
rElec   .          Rampage  .    (no cloak)
rCorr   .                        (no gloves)
Will    .....                    (no boots)
Stlth   ++                       f - amulet of the acrobat
HPRegen 0.25/turn                b - ring of protection from fire
MPRegen 0.11/turn                (no ring)

@: attractive
A: powered by death 1
a: no special abilities


You were on level 3 of the Dungeon.
You visited 1 branch of the dungeon, and saw 3 of its levels.

You collected 40 gold pieces.

Inventory:

Hand Weapons
 c - a +0 short sword
 e - a +2 dagger of draining (weapon)
Armour
 a - a +0 robe (worn)
Jewellery
 b - a ring of protection from fire (left hand)
 f - an amulet of the acrobat (around neck)
Scrolls
 g - a scroll of blinking {unknown}
 i - a scroll of teleportation {unknown}
 k - a scroll of amnesia {unknown}
 l - a scroll of fog {unknown}
Potions
 d - a potion of degeneration


   Skills:
 + Level 2.7 Dodging
 + Level 2.9 Stealth
 + Level 2.8 Spellcasting
 + Level 4.6 Conjurations


You had 5 spell levels left.
You knew the following spells:

 Your Spells              Type           Power      Damage    Failure   Level
a - Magic Dart            Conj           88%        1d7       1%          1
b - Searing Ray           Conj           44%        2d6       3%          2

Your spell library contained the following spells:

 Spells                   Type           Power      Damage    Failure   Level
 Dazzling Flash           Conj/Hex       24%        N/A       16%         3
 Fulminant Prism          Conj/Hex       6%         3d7       45%         4
 Iskenderun's Mystic Bla  Conj/Tloc      12%        2d5       45%         4


Dungeon Overview and Level Annotations

Branches:
Dungeon (3/15)

Altars:

Annotations:
D:1 1 transporter
D:3 Grinder


Innate Abilities, Weirdness & Mutations

You regenerate a little health from kills.


Message History

Grinder hits you. x2
You writhe in agony.
You can move again.
Casting: Searing Ray (safe; 3% risk of failure)
Confirm with . or Enter, or press ? or * to list all spells.
You don't have enough magic to cast this spell.
Unknown command.
Casting: Searing Ray (safe; 3% risk of failure)
Confirm with . or Enter, or press ? or * to list all spells.
You don't have enough magic to cast this spell.
Okay, then.
You feel much better. Grinder barely misses you.
It was a potion of curing.
You feel better. Grinder hits you.
You writhe in agony.
It was a potion of attraction.
You feel attractive to monsters. Grinder completely misses you.
Casting: Searing Ray (safe; 3% risk of failure)
Confirm with . or Enter, or press ? or * to list all spells.
Okay, then.
You barely miss Grinder.
Grinder is moderately wounded.
Grinder barely misses you.
You hit Grinder.
Grinder is moderately wounded.
Grinder gestures at you.
You suddenly lose the ability to move!
Grinder hits you.
You writhe in agony.
Grinder hits you.
You writhe in agony.
Grinder hits you. Grinder gestures at you. Pain shoots through your body!
You can move again.
Unknown command.
You barely miss Grinder.
Grinder is moderately wounded.
Grinder hits you.
* * * LOW HITPOINT WARNING * * *
You writhe in agony.
You die...

#... ... #(# #..#
#.###.# #..#
#.##..# #..#
#.##..# #..#
#.##..5 #..#
#..#.## #.<#
#....#
#5###########.####
#.@.†.........#
###############


You could see Grinder.

Vanquished Creatures
  6 adders (D:2)
  An orc (D:3)
  4 ball pythons
  8 endoplasms
  3 giant cockroaches (D:1)
  5 goblins
  8 hobgoblins
  5 quokkas
  4 bats
  4 frilled lizards
  5 kobolds
  13 rats
66 creatures vanquished.

Notes
Turn   | Place    | Note
-------+----------+-------------------------------------------
     0 | D:1      | Pimp the Demonspawn Conjurer began the quest for the Orb.
     0 | D:1      | Reached XP level 1. HP: 13/13 MP: 3/3
   214 | D:1      | Gained mutation: You regenerate a little health from kills.
                  | [demonic ancestry]
   214 | D:1      | Reached XP level 2. HP: 19/19 MP: 1/5
   272 | D:1      | Learned a level 2 spell: Searing Ray
  1230 | D:1      | Reached XP level 3. HP: 24/24 MP: 6/6
  1824 | D:2      | Reached XP level 4. HP: 30/30 MP: 3/8
  2686 | D:3      | Noticed Grinder
  2732 | D:3      | Paralysed by Grinder for 5 turns
  2741 | D:3      | Paralysed by Grinder for 5 turns
  2746 | D:3      | Slain by Grinder

Illustrated notes

Levels and vault maps discovered:
D:1:      spicycebolla_arrival_risky_transporter, layout_basic, minivault_23,
          minmay_misc_feat_doors, amcnicky_mini_corridor_feature
D:2:      layout_basic, chequers_serial_rivers_micro_e, minmay_rat_gold_closets
D:3:      minmay_evil_eye, layout_basic, nemelex_altar_shiori,
          minmay_misc_feat_tiny, uniq_grinder, uniq_jessica

Skill      XL: |  1 |
---------------+----+-----
Stealth        | 2 |  2.9
Dodging        | 2 |  2.7
Spellcasting   | |  2.8
Conjurations   | |  4.6

Action                     |  1- 3 |  4- 6 || total
---------------------------+-------+-------++-------
  Melee: Unarmed           |    16 |       ||    16
         Short sword       |    34 |       ||    34
         Dagger            |    19 |    36 ||    55
   Cast: Magic Dart        |    10 |     6 ||    16
         Searing Ray       |    14 |     6 ||    20
    Use: Potion            |     1 |     5 ||     6
   Stab: Sleeping          |     8 |     8 ||    16
 Armour: Robe              |    10 |     1 ||    11
  Dodge: Dodged            |    58 |    23 ||    81

Table legend: (Time is in decaauts)
 A = Elapsed time spent in this place.
 B = Non-inter-level travel time spent in this place.
 C = Inter-level travel time spent in this place.
 D = Time resting spent in this place.
 E = Time spent auto-exploring this place.
 F = Levels seen in this place.
 G = Mean time per level.
                   A        B        C        D        E       F      G
               +--------+--------+--------+--------+--------+-----+--------+
         Total |   2744 |   2646 |     98 |    747 |   1324 |   3 |  914.7 |
       Dungeon |   2744 |   2646 |     98 |    747 |   1324 |   3 |  914.7 |
               +--------+--------+--------+--------+--------+-----+--------+

Top non-repeatable levels by time:
     D:1: 1353 daAuts
     D:2: 1231 daAuts
     D:3: 158 daAuts
